Workbook

Sheet Plan
A1: Código | B1: Cuenta | C1: Tipo
A2: 100 | B2: Caja | C2: Activo
A3: 110 | B3: Bancos | C3: Activo
A4: 120 | B4: Clientes | C4: Activo
A5: 130 | B5: Inventario | C5: Activo
A6: 200 | B6: Equipos | C6: Activo
A7: 300 | B7: Proveedores | C7: Pasivo
A8: 310 | B8: Préstamos recibidos | C8: Pasivo
A9: 400 | B9: Capital | C9: Patrimonio
A10: 500 | B10: Ventas | C10: Ingreso
A11: 510 | B11: Otros ingresos | C11: Ingreso
A12: 600 | B12: Compras | C12: Gasto
A13: 610 | B13: Sueldos | C13: Gasto
... A15: 630 | B15: Suministros | C15: Gasto

Sheet Diario
A1: Asiento | B1: Fecha | C1: Código | D1: Cuenta | E1: Concepto | F1: Debe | G1: Haber
A2: 1 | B2: 2027-01-02 | C2: 110 | D2: =IF(C2="","",IFERROR(VLOOKUP(C2,Plan!$A$2:$B$21,2,FALSE),"Código no existe")) | E2: Aportación inicial de capital | F2: 20000
A3: 1 | B3: 2027-01-02 | C3: 400 | D3: =IF(C3="","",IFERROR(VLOOKUP(C3,Plan!$A$2:$B$21,2,FALSE),"Código no existe")) | E3: Aportación inicial de capital | G3: 20000
A4: 2 | B4: 2027-01-05 | C4: 200 | D4: =IF(C4="","",IFERROR(VLOOKUP(C4,Plan!$A$2:$B$21,2,FALSE),"Código no existe")) | E4: Compra de equipos | F4: 3000
A5: 2 | B5: 2027-01-05 | C5: 110 | D5: =IF(C5="","",IFERROR(VLOOKUP(C5,Plan!$A$2:$B$21,2,FALSE),"Código no existe")) | E5: Compra de equipos | G5: 3000
A6: 3 | B6: 2027-01-10 | C6: 600 | D6: =IF(C6="","",IFERROR(VLOOKUP(C6,Plan!$A$2:$B$21,2,FALSE),"Código no existe")) | E6: Compra de mercaderías a crédito | F6: 4000
A7: 3 | B7: 2027-01-10 | C7: 300 | D7: =IF(C7="","",IFERROR(VLOOKUP(C7,Plan!$A$2:$B$21,2,FALSE),"Código no existe")) | E7: Compra de mercaderías a crédito | G7: 4000
A8: 4 | B8: 2027-01-15 | C8: 120 | D8: =IF(C8="","",IFERROR(VLOOKUP(C8,Plan!$A$2:$B$21,2,FALSE),"Código no existe")) | E8: Venta a cliente | F8: 7500
A9: 4 | B9: 2027-01-15 | C9: 500 | D9: =IF(C9="","",IFERROR(VLOOKUP(C9,Plan!$A$2:$B$21,2,FALSE),"Código no existe")) | E9: Venta a cliente | G9: 7500
A10: 5 | B10: 2027-01-20 | C10: 110 | D10: =IF(C10="","",IFERROR(VLOOKUP(C10,Plan!$A$2:$B$21,2,FALSE),"Código no existe")) | E10: Cobro parcial del cliente | F10: 5000
A11: 5 | B11: 2027-01-20 | C11: 120 | D11: =IF(C11="","",IFERROR(VLOOKUP(C11,Plan!$A$2:$B$21,2,FALSE),"Código no existe")) | E11: Cobro parcial del cliente | G11: 5000
A12: 6 | B12: 2027-01-31 | C12: 620 | D12: =IF(C12="","",IFERROR(VLOOKUP(C12,Plan!$A$2:$B$21,2,FALSE),"Código no existe")) | E12: Pago del alquiler | F12: 800
A13: 6 | B13: 2027-01-31 | C13: 110 | D13: =IF(C13="","",IFERROR(VLOOKUP(C13,Plan!$A$2:$B$21,2,FALSE),"Código no existe")) | E13: Pago del alquiler | G13: 800
A14: 7 | B14: 2027-01-31 | C14: 610 | D14: =IF(C14="","",IFERROR(VLOOKUP(C14,Plan!$A$2:$B$21,2,FALSE),"Código no existe")) | E14: Pago de sueldos | F14: 1800
A15: 7 | B15: 2027-01-31 | C15: 110 | D15: =IF(C15="","",IFERROR(VLOOKUP(C15,Plan!$A$2:$B$21,2,FALSE),"Código no existe")) | E15: Pago de sueldos | G15: 1800
A16: 8 | B16: 2027-01-31 | C16: 300 | D16: =IF(C16="","",IFERROR(VLOOKUP(C16,Plan!$A$2:$B$21,2,FALSE),"Código no existe")) | E16: Pago parcial a proveedor | F16: 2000
A17: 8 | B17: 2027-01-31 | C17: 110 | D17: =IF(C17="","",IFERROR(VLOOKUP(C17,Plan!$A$2:$B$21,2,FALSE),"Código no existe")) | E17: Pago parcial a proveedor | G17: 2000
A18: 9 | B18: 2027-01-31 | C18: 630 | D18: =IF(C18="","",IFERROR(VLOOKUP(C18,Plan!$A$2:$B$21,2,FALSE),"Código no existe")) | E18: Luz, agua e internet | F18: 150
A19: 9 | B19: 2027-01-31 | C19: 110 | D19: =IF(C19="","",IFERROR(VLOOKUP(C19,Plan!$A$2:$B$21,2,FALSE),"Código no existe")) | E19: Luz, agua e internet | G19: 150
D20: =IF(C20="","",IFERROR(VLOOKUP(C20,Plan!$A$2:$B$21,2,FALSE),"Código no existe"))
D21: =IF(C21="","",IFERROR(VLOOKUP(C21,Plan!$A$2:$B$21,2,FALSE),"Código no existe"))
D22: =IF(C22="","",IFERROR(VLOOKUP(C22,Plan!$A$2:$B$21,2,FALSE),"Código no existe"))
D23: =IF(C23="","",IFERROR(VLOOKUP(C23,Plan!$A$2:$B$21,2,FALSE),"Código no existe"))
D24: =IF(C24="","",IFERROR(VLOOKUP(C24,Plan!$A$2:$B$21,2,FALSE),"Código no existe"))
D25: =IF(C25="","",IFERROR(VLOOKUP(C25,Plan!$A$2:$B$21,2,FALSE),"Código no existe"))
D26: =IF(C26="","",IFERROR(VLOOKUP(C26,Plan!$A$2:$B$21,2,FALSE),"Código no existe"))
D27: =IF(C27="","",IFERROR(VLOOKUP(C27,Plan!$A$2:$B$21,2,FALSE),"Código no existe"))
D28: =IF(C28="","",IFERROR(VLOOKUP(C28,Plan!$A$2:$B$21,2,FALSE),"Código no existe"))
D29: =IF(C29="","",IFERROR(VLOOKUP(C29,Plan!$A$2:$B$21,2,FALSE),"Código no existe"))
D30: =IF(C30="","",IFERROR(VLOOKUP(C30,Plan!$A$2:$B$21,2,FALSE),"Código no existe"))
D31: =IF(C31="","",IFERROR(VLOOKUP(C31,Plan!$A$2:$B$21,2,FALSE),"Código no existe"))
... D41: =IF(C41="","",IFERROR(VLOOKUP(C41,Plan!$A$2:$B$21,2,FALSE),"Código no existe"))

Sheet Balance
A1: Código | B1: Cuenta | C1: Tipo | D1: Suma debe | E1: Suma haber | F1: Saldo deudor | G1: Saldo acreedor
A2: =IF(Plan!A2="","",Plan!A2) | B2: =IF(A2="","",Plan!B2) | C2: =IF(A2="","",Plan!C2) | D2: =IF(A2="","",SUMIF(Diario!$C$2:$C$41,A2,Diario!$F$2:$F$41)) | E2: =IF(A2="","",SUMIF(Diario!$C$2:$C$41,A2,Diario!$G$2:$G$41)) | F2: =IF(A2="","",MAX(D2-E2,0)) | G2: =IF(A2="","",MAX(E2-D2,0))
A3: =IF(Plan!A3="","",Plan!A3) | B3: =IF(A3="","",Plan!B3) | C3: =IF(A3="","",Plan!C3) | D3: =IF(A3="","",SUMIF(Diario!$C$2:$C$41,A3,Diario!$F$2:$F$41)) | E3: =IF(A3="","",SUMIF(Diario!$C$2:$C$41,A3,Diario!$G$2:$G$41)) | F3: =IF(A3="","",MAX(D3-E3,0)) | G3: =IF(A3="","",MAX(E3-D3,0))
A4: =IF(Plan!A4="","",Plan!A4) | B4: =IF(A4="","",Plan!B4) | C4: =IF(A4="","",Plan!C4) | D4: =IF(A4="","",SUMIF(Diario!$C$2:$C$41,A4,Diario!$F$2:$F$41)) | E4: =IF(A4="","",SUMIF(Diario!$C$2:$C$41,A4,Diario!$G$2:$G$41)) | F4: =IF(A4="","",MAX(D4-E4,0)) | G4: =IF(A4="","",MAX(E4-D4,0))
A5: =IF(Plan!A5="","",Plan!A5) | B5: =IF(A5="","",Plan!B5) | C5: =IF(A5="","",Plan!C5) | D5: =IF(A5="","",SUMIF(Diario!$C$2:$C$41,A5,Diario!$F$2:$F$41)) | E5: =IF(A5="","",SUMIF(Diario!$C$2:$C$41,A5,Diario!$G$2:$G$41)) | F5: =IF(A5="","",MAX(D5-E5,0)) | G5: =IF(A5="","",MAX(E5-D5,0))
A6: =IF(Plan!A6="","",Plan!A6) | B6: =IF(A6="","",Plan!B6) | C6: =IF(A6="","",Plan!C6) | D6: =IF(A6="","",SUMIF(Diario!$C$2:$C$41,A6,Diario!$F$2:$F$41)) | E6: =IF(A6="","",SUMIF(Diario!$C$2:$C$41,A6,Diario!$G$2:$G$41)) | F6: =IF(A6="","",MAX(D6-E6,0)) | G6: =IF(A6="","",MAX(E6-D6,0))
A7: =IF(Plan!A7="","",Plan!A7) | B7: =IF(A7="","",Plan!B7) | C7: =IF(A7="","",Plan!C7) | D7: =IF(A7="","",SUMIF(Diario!$C$2:$C$41,A7,Diario!$F$2:$F$41)) | E7: =IF(A7="","",SUMIF(Diario!$C$2:$C$41,A7,Diario!$G$2:$G$41)) | F7: =IF(A7="","",MAX(D7-E7,0)) | G7: =IF(A7="","",MAX(E7-D7,0))
A8: =IF(Plan!A8="","",Plan!A8) | B8: =IF(A8="","",Plan!B8) | C8: =IF(A8="","",Plan!C8) | D8: =IF(A8="","",SUMIF(Diario!$C$2:$C$41,A8,Diario!$F$2:$F$41)) | E8: =IF(A8="","",SUMIF(Diario!$C$2:$C$41,A8,Diario!$G$2:$G$41)) | F8: =IF(A8="","",MAX(D8-E8,0)) | G8: =IF(A8="","",MAX(E8-D8,0))
A9: =IF(Plan!A9="","",Plan!A9) | B9: =IF(A9="","",Plan!B9) | C9: =IF(A9="","",Plan!C9) | D9: =IF(A9="","",SUMIF(Diario!$C$2:$C$41,A9,Diario!$F$2:$F$41)) | E9: =IF(A9="","",SUMIF(Diario!$C$2:$C$41,A9,Diario!$G$2:$G$41)) | F9: =IF(A9="","",MAX(D9-E9,0)) | G9: =IF(A9="","",MAX(E9-D9,0))
A10: =IF(Plan!A10="","",Plan!A10) | B10: =IF(A10="","",Plan!B10) | C10: =IF(A10="","",Plan!C10) | D10: =IF(A10="","",SUMIF(Diario!$C$2:$C$41,A10,Diario!$F$2:$F$41)) | E10: =IF(A10="","",SUMIF(Diario!$C$2:$C$41,A10,Diario!$G$2:$G$41)) | F10: =IF(A10="","",MAX(D10-E10,0)) | G10: =IF(A10="","",MAX(E10-D10,0))
A11: =IF(Plan!A11="","",Plan!A11) | B11: =IF(A11="","",Plan!B11) | C11: =IF(A11="","",Plan!C11) | D11: =IF(A11="","",SUMIF(Diario!$C$2:$C$41,A11,Diario!$F$2:$F$41)) | E11: =IF(A11="","",SUMIF(Diario!$C$2:$C$41,A11,Diario!$G$2:$G$41)) | F11: =IF(A11="","",MAX(D11-E11,0)) | G11: =IF(A11="","",MAX(E11-D11,0))
A12: =IF(Plan!A12="","",Plan!A12) | B12: =IF(A12="","",Plan!B12) | C12: =IF(A12="","",Plan!C12) | D12: =IF(A12="","",SUMIF(Diario!$C$2:$C$41,A12,Diario!$F$2:$F$41)) | E12: =IF(A12="","",SUMIF(Diario!$C$2:$C$41,A12,Diario!$G$2:$G$41)) | F12: =IF(A12="","",MAX(D12-E12,0)) | G12: =IF(A12="","",MAX(E12-D12,0))
A13: =IF(Plan!A13="","",Plan!A13) | B13: =IF(A13="","",Plan!B13) | C13: =IF(A13="","",Plan!C13) | D13: =IF(A13="","",SUMIF(Diario!$C$2:$C$41,A13,Diario!$F$2:$F$41)) | E13: =IF(A13="","",SUMIF(Diario!$C$2:$C$41,A13,Diario!$G$2:$G$41)) | F13: =IF(A13="","",MAX(D13-E13,0)) | G13: =IF(A13="","",MAX(E13-D13,0))
... A21: =IF(Plan!A21="","",Plan!A21) | B21: =IF(A21="","",Plan!B21) | C21: =IF(A21="","",Plan!C21) | D21: =IF(A21="","",SUMIF(Diario!$C$2:$C$41,A21,Diario!$F$2:$F$41)) | E21: =IF(A21="","",SUMIF(Diario!$C$2:$C$41,A21,Diario!$G$2:$G$41)) | F21: =IF(A21="","",MAX(D21-E21,0)) | G21: =IF(A21="","",MAX(E21-D21,0))
A22: TOTAL | D22: =SUM(D2:D21) | E22: =SUM(E2:E21) | F22: =SUM(F2:F21) | G22: =SUM(G2:G21)
A23: Diario cuadrado | D23: =IF(ROUND(D22-E22,2)=0,"Sí","No")

Sheet Resumen
A1: Concepto | B1: Importe
A2: Total activo | B2: =SUMIF(Balance!$C$2:$C$21,"Activo",Balance!$F$2:$F$21)-SUMIF(Balance!$C$2:$C$21,"Activo",Balance!$G$2:$G$21)
A3: Total pasivo | B3: =SUMIF(Balance!$C$2:$C$21,"Pasivo",Balance!$G$2:$G$21)-SUMIF(Balance!$C$2:$C$21,"Pasivo",Balance!$F$2:$F$21)
A4: Patrimonio | B4: =SUMIF(Balance!$C$2:$C$21,"Patrimonio",Balance!$G$2:$G$21)-SUMIF(Balance!$C$2:$C$21,"Patrimonio",Balance!$F$2:$F$21)
A5: Ingresos | B5: =SUMIF(Balance!$C$2:$C$21,"Ingreso",Balance!$G$2:$G$21)-SUMIF(Balance!$C$2:$C$21,"Ingreso",Balance!$F$2:$F$21)
A6: Gastos | B6: =SUMIF(Balance!$C$2:$C$21,"Gasto",Balance!$F$2:$F$21)-SUMIF(Balance!$C$2:$C$21,"Gasto",Balance!$G$2:$G$21)
A7: Resultado del periodo | B7: =B5-B6
A8: Pasivo + patrimonio + resultado | B8: =B3+B4+B7
A9: Diferencia con el activo | B9: =B2-B8
A10: Estado del balance | B10: =IF(ROUND(B9,2)=0,"Cuadra","Revisa el diario")
